 Dungeon Crawl Stone Soup version 0.27-a0-1202-ge72e49191c (webtiles) character file.

Game seed: 13229745074136507817

6862 senseless the Skirmisher (level 10, 0/79 HPs)
             Began as a Demonspawn Transmuter on June 3, 2021.
             Was a Believer of Cheibriados.
             Shot with an arrow by a centaur warrior (14 damage)
             ... on level 8 of the Dungeon.
             The game lasted 00:28:00 (7877 turns).

senseless the Skirmisher (Demonspawn Transmuter)    Turns: 7877, Time: 00:28:00

Health: 0/79       AC: 23    Str: 23    XL:     10   Next: 78%
Magic:  20/20      EV: 15    Int: 22    God:    Cheibriados [**....]
Gold:   476        SH:  0    Dex: 19    Spells: 21/22 levels left

rFire    . . .     SeeInvis .   w - +4 falchion (freeze)
rCold    . . .     Faith    .   (no shield)
rNeg     . . .     Spirit   .   G - quicksilver dragon scales
rPois    .         Reflect  .   o - +0 helmet
rElec    .         Harm     .   f - +2 cloak
rCorr    +         Rampage  .   (no gloves)
Will     +....                  y - +2 pair of boots
Stlth    +.........             b - amulet of regeneration
HPRegen  1.23/turn              m - +4 ring of protection
MPRegen  0.17/turn              r - ring of Ziabuati {rCorr Str+6 Int+4}

@: very slow
A: thin metallic scales 2, demonic guardian 1, powered by death 2
a: Renounce Religion, Bend Time


You were on level 8 of the Dungeon.
You worshipped Cheibriados.
Cheibriados was pleased with you.
You visited 2 branches of the dungeon, and saw 9 of its levels.

You collected 476 gold pieces.

Inventory:

Hand Weapons
 n - a +5 dagger
 w - a +4 falchion of freezing (weapon)
 B - a +4 dire flail
 J - a +4 hand axe
Missiles
 e - 7 javelins
 k - 2 throwing nets
 v - 2 curare-tipped darts
Armour
 a - a +2 robe
 f - a +2 cloak (worn)
 o - a +0 helmet (worn)
 y - a +2 pair of boots (worn)
 A - a +0 kite shield
 C - +2 gold dragon scales
 G - quicksilver dragon scales (worn)
Magical Staves
 h - a staff of fire
 L - a staff of air
Jewellery
 b - an amulet of regeneration (around neck)
 m - a +4 ring of protection (left hand)
 q - a ring of protection from cold
 r - the ring of Ziabuati (right hand) {rCorr Str+6 Int+4}
   (You took it off a centaur warrior on level 8 of the Dungeon)

   [ring of strength]

   It affects your strength (+6).
   It affects your intelligence (+4).
   It protects you from acid and corrosion.
 s - a +6 ring of strength
 D - a ring of protection from cold
Scrolls
 i - 4 scrolls of fog
 l - 3 scrolls of identify
 x - a scroll of magic mapping
Potions
 c - 3 potions of brilliance
 d - 2 potions of heal wounds
 g - a potion of attraction
 j - 4 potions of lignification
 p - 5 potions of might
 t - 2 potions of cancellation
 u - a potion of ambrosia
 z - a potion of resistance {unknown}
 F - a potion of berserk rage {unknown}
 H - 4 potions of curing


   Skills:
 + Level 7.0 Fighting
 - Level 4.3(5.0) Short Blades
 + Level 3.7(4.7) Long Blades
 * Level 0.7 Armour
 + Level 6.6 Dodging
 + Level 6.1 Unarmed Combat
 + Level 6.7 Spellcasting
 + Level 6.5 Transmutations


You had 21 spell levels left.
You knew the following spells:

 Your Spells              Type           Power      Damage    Failure   Level
a - Beastly Appendage     Tmut           72%        N/A       1%          1

Your spell library contained the following spells:

 Spells                   Type           Power      Damage    Failure   Level
 Wereblood                Tmut           36%        N/A       1%          2
 Spider Form              Tmut/Pois      10%        N/A       11%         3
 Shock                    Conj/Air       28%        1d4       14%         1
 Static Discharge         Conj/Air       7%         N/A       21%         2
 Hydra Form               Tmut           18%        N/A       26%         5
 Ice Form                 Ice/Tmut       21%        N/A       34%         4
 Swiftness                Air            7%         N/A       38%         3
 Airstrike                Air            3%         N/A       80%         4
 Lightning Bolt           Conj/Air       3%         1d15      98%         5


Dungeon Overview and Level Annotations

Branches:
Dungeon (8/15)             Temple (1/1) D:5
   Lair: D:8-11

Altars:
Ashenzari
Cheibriados
Dithmenos
Elyvilon
Fedhas
Gozag
Kikubaaqudgha
Makhleb
Nemelex Xobeh
Qazlal
Ru
Sif Muna
Trog
Uskayaw
Vehumet
Wu Jian
Xom
Yredelemnul
Zin
The Shining One

Shops:
D:6 =

Annotations:
D:3 1 runed translucent door, Crazy Yiuf


Innate Abilities, Weirdness & Mutations

You are mostly covered in thin metallic scales. (AC +3)
A weak demonic guardian rushes to your aid.
You regenerate health from kills.


Message History

You speak a Word of immense power!
You are blasted by holy energy!
The centaur zombie convulses!
The wight convulses!
You destroy the wight!
Cheibriados thoroughly appreciates the change of pace.
It was a scroll of holy word.
The six-headed hydra bites you but does no damage.
The six-headed hydra bites you.
The six-headed hydra bites you but does no damage. x2
The six-headed hydra bites you.
The six-headed hydra closely misses you.
The six-headed hydra bites you but does no damage. x2
The six-headed hydra bites you.
The six-headed hydra completely misses you.
The six-headed hydra barely misses you.
The six-headed hydra completely misses you.
The water moccasin bites you but does no damage.
The water moccasin closely misses you.
You riposte.
You hit the water moccasin but do no damage.
The water moccasin bites you but does no damage.
The water moccasin bites you but does no damage.
The centaur zombie is lost in a daze.
The water moccasin completely misses you.
You riposte.
You miss the water moccasin.
The centaur warrior wields a +0 shortbow.
The centaur warrior shoots an arrow.
The arrow hits you! The water moccasin barely misses you.
You riposte.
You hit the water moccasin.
The water moccasin seems to slow down.
You freeze the water moccasin.
The water moccasin is lightly wounded.
The centaur warrior shoots an arrow.
The arrow barely misses you.
The centaur warrior shoots an arrow.
The arrow hits you!
* * * LOW HITPOINT WARNING * * *
A demonic guardian appears!
The centaur warrior shoots an arrow.
The arrow hits you.
* * * LOW HITPOINT WARNING * * *
The centaur warrior shoots an arrow.
The arrow closely misses you. The arrow hits your shadow imp!!
Your shadow imp dies!
The water moccasin is no longer moving slowly.
The centaur warrior shoots an arrow.
The arrow hits you!
You die...

..........########....###########
.................................
..).......########....###.......#
.#.###.####### ###### ####.####
.#.#.♣.♣.#...## ♣♣.♣♣
.#.#♣.♣.♣#D♣o'.c# #♣.).♣#
##.#.♣.♣.#.♣.#..Zo)) #.....#
##.#♣.♣.♣#.♣S######. #♣...♣#
##.#.♣.♣.#.DDc..@.# ♣♣.♣♣
...##♣.♣#########(# ##♣.♣ #
####♣♣.♣♣ ♣♣♣♣♣♣♣.♣♣♣♣♣♣♣#...♣ #
#<.#♣.♣.♣ ♣.............♣#.♣♣♣♣##
#..#♣.♣.♣#♣.♣♣♣♣♣♣♣♣♣♣♣.♣#.....##
#..#.♣♣♣.#♣.♣.....))).♣.♣#♣♣♣♣.##
##.#.♣.♣.#♣.♣.♣♣♣♣♣♣♣.♣.♣#.....##
†..#.♣.♣.#♣.♣.♣######)♣.♣#)♣♣♣♣#
####.♣.♣.♣♣.♣.♣#.'..#.♣.♣♣)....#


You could see a fire dragon, a six-headed hydra, a centaur warrior and a water
moccasin.

Vanquished Creatures
  A centaur warrior (D:8)
  A two-headed ogre (D:8)
  A deep elf pyromancer (D:7)
  A cyclops (D:8)
  Grinder (D:6)
  3 wyverns (D:8)
  3 steam dragons (D:8)
  Duvessa (D:5)
  2 water moccasins (D:5)
  A sky beast (D:6)
  3 ogres
  2 ice beasts (D:8)
  2 orc warriors (D:8)
  4 black bears
  A necrophage (D:8)
  6 centaurs
  3 phantoms
  4 kobold brigands
  2 bullfrogs
  Dowan (D:5)
  6 wights
  A vampire bat (D:4)
  A howler monkey (D:8)
  2 bullfrog zombies (D:5)
  A centaur zombie (D:7)
  5 orc priests
  3 hounds
  A jelly (D:6)
  A centaur skeleton (D:7)
  A gnoll shaman (D:6)
  An iguana (D:4)
  A scorpion zombie (D:5)
  6 orc wizards
  A killer bee zombie (D:8)
  2 hound skeletons (D:5)
  3 gnolls (D:6)
  5 adders
  4 white imps
  3 adder skeletons
  A worm (D:4)
  2 dart slugs (D:1)
  3 fire bats (D:4)
  23 orcs
  2 spectral bats (D:4)
  11 bats
  3 bat skeletons (D:4)
  A bat zombie (D:4)
  16 endoplasms
  4 giant cockroaches
  11 goblins
  11 hobgoblins
  4 jackals (D:3)
  18 kobolds
  A quokka (D:5)
  6 ball pythons
  A bat simulacrum (D:4)
  5 frilled lizards
  3 rats
217 creatures vanquished.

Vanquished Creatures (collateral kills)
  An ogre (D:5)
  A hobgoblin (D:1)
  A frilled lizard (D:3)
3 creatures vanquished.

Grand Total: 220 creatures vanquished

Notes
Turn   | Place    | Note
-------+----------+-------------------------------------------
     0 | D:1      | senseless the Demonspawn Transmuter began the quest for the
                  | Orb.
     0 | D:1      | Reached XP level 1. HP: 15/15 MP: 3/3
   127 | D:1      | Gained mutation: A weak demonic guardian rushes to your
                  | aid. [demonic ancestry]
   127 | D:1      | Reached XP level 2. HP: 14/21 MP: 3/5
   412 | D:1      | Found a faded altar of an unknown god.
   934 | D:1      | Reached XP level 3. HP: 23/26 MP: 4/6
  2103 | D:3      | Reached XP level 4. HP: 33/33 MP: 5/7
  2409 | D:3      | Reached skill level 2 in Fighting
  2529 | D:3      | Found a shimmering altar of Xom.
  2601 | D:3      | Found a runed translucent door.
  2602 | D:3      | Noticed Crazy Yiuf
  3131 | D:4      | Gained mutation: You are partially covered in thin metallic
                  | scales. (AC +2) [demonic ancestry]
  3131 | D:4      | Reached XP level 5. HP: 38/38 MP: 7/9
  3685 | D:4      | Reached skill level 1 in Short Blades
  3744 | D:4      | Reached XP level 6. HP: 46/46 MP: 10/10
  3880 | D:5      | Entered Level 5 of the Dungeon
  3965 | D:5      | Reached skill level 3 in Fighting
  4142 | D:5      | Gained mutation: You regenerate a little health from kills.
                  | [demonic ancestry]
  4142 | D:5      | Reached XP level 7. HP: 52/52 MP: 12/12
  4426 | D:5      | Reached skill level 4 in Fighting
  4534 | D:5      | Found a staircase to the Ecumenical Temple.
  4545 | Temple   | Entered the Ecumenical Temple
  4794 | D:5      | Noticed Duvessa
  4794 | D:5      | Noticed Dowan
  4825 | D:5      | Killed Duvessa
  4826 | D:5      | Gained mutation: You regenerate health from kills. [demonic
                  | ancestry]
  4826 | D:5      | Reached XP level 8. HP: 26/60 MP: 12/14
  4875 | D:5      | Killed Dowan
  5159 | D:6      | Noticed Grinder
  5178 | D:6      | Killed Grinder
  5494 | D:6      | Reached skill level 5 in Fighting
  5494 | D:6      | Reached skill level 5 in Spellcasting
  5663 | D:6      | Found Pehol's Jewellery Boutique.
  5714 | D:6      | Reached XP level 9. HP: 53/68 MP: 16/16
  6047 | D:7      | Noticed a deep elf pyromancer
  6051 | D:7      | Reached skill level 5 in Dodging
  6069 | D:7      | Killed a deep elf pyromancer
  6070 | D:7      | Reached skill level 5 in Transmutations
  6222 | D:7      | Reached skill level 1 in Long Blades
  6302 | D:7      | Found a shadowy altar of Dithmenos.
  6591 | D:7      | Reached skill level 5 in Unarmed Combat
  6613 | D:7      | Found an ancient bone altar of Kikubaaqudgha.
  6614 | D:7      | Found a snail-covered altar of Cheibriados.
  6619 | D:7      | Became a worshipper of Cheibriados the Contemplative
  6857 | D:8      | Reached skill level 6 in Fighting
  6909 | D:8      | Gained mutation: You are mostly covered in thin metallic
                  | scales. (AC +3) [demonic ancestry]
  6909 | D:8      | Reached XP level 10. HP: 76/76 MP: 19/19
  6922 | D:8      | Reached * piety under Cheibriados
  7058 | D:8      | Noticed a two-headed ogre
  7064 | D:8      | Killed a two-headed ogre
  7157 | D:8      | Noticed a cyclops
  7166 | D:8      | Killed a cyclops
  7176 | D:8      | Identified the ring of Ziabuati {rCorr Str+6 Int+4}
  7176 | D:8      | Noticed a centaur warrior
  7183 | D:8      | Killed a centaur warrior
  7296 | D:8      | Reached ** piety under Cheibriados
  7652 | D:8      | Reached skill level 7 in Fighting
  7866 | D:8      | Noticed a six-headed hydra
  7866 | D:8      | Noticed a fire dragon
  7867 | D:8      | Noticed a centaur warrior
  7877 | D:8      | Shot with an arrow by a centaur warrior

Illustrated notes

Levels and vault maps discovered:
D:1:      dpeg_arrival_rhombus, layout_basic, basic_ecumenical_altar,
          chequers_mini_garden, minmay_misc_feat_square,
          minmay_large_rounded_square
D:2:      layout_basic, guppyfry_early_lair_pool
D:3:      wad_river_or_something, layout_loops_ring, general_overflow_altar,
          uniq_crazy_yiuf_cottage
D:4:      layout_loops_ring, goddamned_bats
D:5:      layout_loops_corners, minmay_temple_entry_butterflies, uniq_duvessa
D:6:      layout_gridville, serial_shops, nicolae_shop_behind_doors,
          chequers_serial_rivers_large_b, hangedman_decor_growths,
          kennysheep_nub, uniq_grinder
D:7:      layout_cave_pools, tso_altar, grunt_dithmenos_shadows,
          gammafunk_temple_overflow_statue, enter_bailey_4,
          hangedman_decor_peaks_small
D:8:      nzn_winding_woodlands_large [nzn_winding_woodlands_5x5_open_star,
          nzn_winding_woodlands_5x15_sidewinder,
          nzn_winding_woodlands_5x5_three, nzn_winding_woodlands_center_lodge,
          nzn_winding_woodlands_15x15_boxy_spiral,
          nzn_winding_woodlands_center_triple_pond,
          nzn_winding_woodlands_5x5_checkerboard,
          nzn_winding_woodlands_5x15_eye, nzn_winding_woodlands_5x5_cross],
          layout_basic
Temple:   bh_familiar_temple

Skill      XL: |  1  2  3  4  5  6  7  8  9 10 |
---------------+-------------------------------+-----
Dodging        | 2 3 4 5 6 |  6.6
Transmutations | 2 3 4 5 6 |  6.5
Unarmed Combat | 3 4 5 6 |  6.1
Fighting       | 2 3 4 5 6 7 |  7.0
Spellcasting   | 3 4 5 6 |  6.7
Short Blades   | 1 2 3 4 |  4.3
Long Blades    | 2 3 |  3.7
Armour         | |  0.7

Action                   |  1- 3 |  4- 6 |  7- 9 | 10-12 || total
-------------------------+-------+-------+-------+-------++-------
Melee: Unarmed           |   101 |    45 |       |       ||   146
       Kick              |    21 |    44 |   118 |    34 ||   217
       Headbutt          |    17 |    27 |    61 |    23 ||   128
       Dagger            |       |   174 |   256 |       ||   430
       Punch             |       |       |     7 |     2 ||     9
       Falchion          |       |       |   103 |    78 ||   181
 Cast: Beastly Appendage |    28 |    35 |    47 |    12 ||   122
  Use: Scroll            |     3 |     4 |    12 |     3 ||    22
       Potion            |       |       |     1 |       ||     1
 Stab: Sleeping          |       |     1 |       |     1 ||     2
       Distracted        |       |       |     1 |       ||     1
Armor: Robe              |    17 |   130 |   149 |    35 ||   331
       Gold dragon scale |       |       |       |    13 ||    13
       Quicksilver drago |       |       |       |     8 ||     8
Dodge: Dodged            |    44 |   203 |   240 |    60 ||   547
       Rpst.: Falchion   |       |       |    15 |    17 ||    32

Table legend: (Time is in decaauts)
 A = Elapsed time spent in this place.
 B = Non-inter-level travel time spent in this place.
 C = Inter-level travel time spent in this place.
 D = Time resting spent in this place.
 E = Time spent auto-exploring this place.
 F = Levels seen in this place.
 G = Mean time per level.
                   A        B        C        D        E       F      G
               +--------+--------+--------+--------+--------+-----+--------+
         Total |   8268 |   7920 |    348 |    179 |   6101 |   9 |  918.7 |
       Dungeon |   8065 |   7737 |    328 |    179 |   5920 |   8 | 1008.1 |
        Temple |    202 |    182 |     20 |      0 |    181 |   1 |  202.0 |
               +--------+--------+--------+--------+--------+-----+--------+

Top non-repeatable levels by time:
     D:8: 1431 daAuts
     D:3: 1154 daAuts
     D:1: 1143 daAuts
     D:5: 1010 daAuts
     D:4: 957 daAuts
     D:6: 946 daAuts
     D:7: 807 daAuts
     D:2: 614 daAuts
  Temple: 202 daAuts
